 Dungeon Crawl Stone Soup version 0.27.0-1-g7a089689b8 (webtiles) character file.

Game seed: 250217903498426097

340 SomeFlowers the Ruffian (level 6, 0/48 HPs)
             Began as a Mummy Chaos Knight on Aug 1, 2021.
             Was a Plaything of Xom.
             Slain by an ogre (32 damage)
             ... on level 4 of the Dungeon.
             The game lasted 00:06:57 (4216 turns).

SomeFlowers the Ruffian (Mummy Chaos Knight)        Turns: 4216, Time: 00:06:57

Health: 0/48       AC:  8    Str: 17    XL:     6   Next: 30%
Magic:  6/6        EV: 11    Int: 11    God:    Xom [......]
Gold:   170        SH:  0    Dex: 12    Spells: 5/5 levels left

rFire    x . .     SeeInvis .     - Unarmed
rCold    + . .     Faith    .   (no shield)
rNeg     + + +     Spirit   .   a - +2 leather armour
rPois    ∞         Reflect  .   i - +2 hat
rElec    .         Harm     .   (no cloak)
rCorr    .         Rampage  .   j - +0 pair of gloves
Will     .....                  (no boots)
Stlth    +.........             (no amulet)
HPRegen  0.16/turn              (no ring)
MPRegen  0.10/turn              (no ring)

@: no status effects
A: cold resistance 1, negative energy resistance 3, torment resistance 2, heat
vulnerability 1, no potions
a: Renounce Religion


You were on level 4 of the Dungeon.
You worshipped Xom.
You were a very special plaything of Xom.
You visited 1 branch of the dungeon, and saw 4 of its levels.

You collected 170 gold pieces.

Inventory:

Hand Weapons
 k - a +1 dagger of venom
Missiles
 b - a curare-tipped dart (quivered)
 c - 113 stones
 h - 15 poisoned darts
Armour
 a - a +2 leather armour (worn)
 i - a +2 hat (worn)
 j - a +0 pair of gloves (worn)
Scrolls
 d - a scroll of enchant armour {unknown}
 e - a scroll of holy word {unknown}
 f - 3 scrolls of identify
 g - a scroll of acquirement {unknown}


   Skills:
 + Level 4.1 Fighting
 - Level 1.5 Armour
 - Level 0.7 Dodging
 + Level 5.4 Unarmed Combat


You had 5 spell levels left.
You didn't know any spells.
Your spell library was empty.

Dungeon Overview and Level Annotations

Branches:
Dungeon (4/15)
 Temple: D:4-7

Altars:
Ashenzari
Elyvilon
Nemelex Xobeh
Ru
Yredelemnul

Annotations:
D:4 Eustachio


Innate Abilities, Weirdness & Mutations

You are immune to poison.
Your flesh is cold resistant. (rC+)
You are immune to negative energy. (rN+++)
You are immune to unholy pain and torment.
You are vulnerable to heat. (rF-)
You do not drink.


Message History

The howler monkey barely misses you.
You barely miss the howler monkey.
The howler monkey is moderately wounded.
The howler monkey barely misses you. The howler monkey hits you.
You punch the howler monkey!
The howler monkey is almost dead.
The howler monkey hits you.
You hit the howler monkey but do no damage.
The howler monkey is almost dead.
The howler monkey hoots and howls with incredible vigour!
You hear a shout!
You barely miss the howler monkey.
The howler monkey is almost dead.
The howler monkey closely misses you.
Your leather armour prevents you from hitting the howler monkey.
The howler monkey is almost dead.
The howler monkey hits you but does no damage.
You closely miss the howler monkey.
The howler monkey is severely wounded.
The howler monkey hits you but does no damage.
You hit the howler monkey.
You kill the howler monkey!
A worm comes into view.
A worm is nearby!
You hit the worm.
The worm is moderately wounded.
You hit the worm.
The worm is heavily wounded.
An ogre comes into view. It is wielding a +0 giant spiked club.
The worm bites you.
You barely miss the worm.
The worm is moderately wounded.
Found a smoky golden potion.
A hobgoblin comes into view.
There is an open door here.
The hobgoblin barely misses you.
The ogre hits you with a +0 giant spiked club!!
Ouch! That really hurt!
You die...
Xom snickers!

#.....# #....###.## #.....#
##+## ##.### # #.....# #.....
.### ######.....# #..... .#...#
#..........# ##+###..... #....#
#.......#### #.......... .....#
#.......##### #.......... ...!.#
#......g....# #....?...##
.....#########.O@..# #........#
.....#...# #.....####..?.....#
.....#...# #.......##.........
.........# #.......##........##
.........# #.......##........#
.........#####.......######...##
.............'.......#
.........#####.......#
.........# #........#


You could see an ogre and a hobgoblin.

Vanquished Creatures
  A black bear (D:4)
  A howler monkey (D:4)
  A centaur skeleton (D:4)
  An orc wizard (D:3)
  Natasha (thrice) (D:2)
  An adder (D:2)
  3 worms
  A dart slug (D:3)
  8 orcs
  9 bats
  3 endoplasms
  2 giant cockroaches
  3 goblins
  4 hobgoblins
  4 quokkas
  7 ball pythons
  7 frilled lizards
  4 kobolds
  3 rats
66 creatures vanquished.

Notes
Turn   | Place    | Note
-------+----------+-------------------------------------------
     0 | D:1      | SomeFlowers the Mummy Chaos Knight began the quest for the
                  | Orb.
     0 | D:1      | Reached XP level 1. HP: 18/18 MP: 1/1
    61 | D:1      | Found a faded altar of an unknown god.
   370 | D:1      | XOM: silly message
   439 | D:1      | Reached XP level 2. HP: 24/24 MP: 2/2
   502 | D:1      | XOM: cloud trail
   847 | D:1      | XOM: cloud trail
   932 | D:1      | XOM: noise
  1290 | D:2      | Reached skill level 3 in Unarmed Combat
  1465 | D:2      | XOM is BORED!
  1465 | D:2      | XOM: noise
  1550 | D:2      | XOM: silly message
  1648 | D:2      | XOM: divination: detect items
  1709 | D:2      | XOM: silly message
  1878 | D:2      | Reached XP level 3. HP: 24/29 MP: 3/3
  1898 | D:2      | Noticed Natasha
  1903 | D:2      | Killed Natasha
  1935 | D:2      | XOM: 2-stop teleportation journey
  1976 | D:1      | Reached XP level 4. HP: 12/37 MP: 4/4
  2502 | D:2      | Noticed Natasha
  2506 | D:2      | Killed Natasha
  2518 | D:2      | Noticed Natasha
  2526 | D:2      | Killed Natasha
  2527 | D:2      | Reached skill level 4 in Unarmed Combat
  2569 | D:2      | XOM is BORED!
  2569 | D:2      | XOM: summons 2 hostile demons
  2591 | D:3      | Found a sparkling altar of Nemelex Xobeh.
  2802 | D:3      | Reached XP level 5. HP: 41/42 MP: 5/5
  3232 | D:3      | XOM: god gift: pair of gloves {god gift}
  3493 | D:3      | Found a broken altar of Ashenzari.
  3493 | D:3      | Found a sacrificial altar of Ru.
  3493 | D:3      | Found a basalt altar of Yredelemnul.
  4053 | D:4      | XOM: god gift: scroll labelled IVYTHR XALO {god gift}
  4058 | D:4      | Noticed Eustachio
  4093 | D:4      | XOM: 2-stop teleportation journey
  4094 | D:4      | Noticed a black bear
  4108 | D:4      | Killed a black bear
  4109 | D:4      | Reached skill level 5 in Unarmed Combat
  4109 | D:4      | Reached XP level 6. HP: 30/48 MP: 6/6
  4216 | D:4      | Slain by an ogre

Illustrated notes

Levels and vault maps discovered:
D:1:      minmay_arrival_three_doors, layout_loops_ring,
          shapermc_ecumenical_altar_acropolis, wad_floor_pattern_untrapped,
          minmay_tromino_v7
D:2:      layout_loops_cross, uniq_natasha
D:3:      layout_basic, mainiacjoe_overflow_catwalk,
          gammafunk_temple_overflow_forgotten
D:4:      layout_basic, elyvilon_altar_5, mainiacjoe_overflow_brackets,
          dk_noncrumbling_2, uniq_eustachio

Skill      XL: |  1  2  3  4  5 |
---------------+----------------+-----
Unarmed Combat | 3 4 5 |  5.4
Fighting       | 4 |  4.1
Armour         | |  1.5
Dodging        | |  0.7

Action                   |  1- 3 |  4- 6 || total
-------------------------+-------+-------++-------
Melee: Unarmed           |   129 |   163 ||   292
       Punch             |     1 |     2 ||     3
Throw: Stone             |     3 |     6 ||     9
       Dart              |    10 |     9 ||    19
  Use: Scroll            |     2 |     1 ||     3
Armor: Leather armour    |    45 |   104 ||   149
Dodge: Dodged            |    81 |   127 ||   208
